 Dungeon Crawl Stone Soup version 0.29-a0-422-gafbd6decc1 (webtiles) character file.

Game seed: 3968278597871695529

1264 xian the Sneak (level 8, -1/66 HPs)
             Began as a Minotaur Brigand on May 18, 2022.
             Was an Initiate of Ru.
             Killed from afar by an acid dragon (21 damage)
             ... with a splash of acid
             ... on level 6 of the Dungeon.
             The game lasted 00:17:03 (3869 turns).

xian the Sneak (Minotaur Brigand)                   Turns: 3869, Time: 00:17:04

Health: -1/66      AC:  7    Str: 19    XL:     8   Next: 27%
Magic:  7/7        EV: 12    Int: 14    God:    Ru [......]
Gold:   293        SH:  0    Dex: 13    Spells: 7/7 levels left

rFire   . . .      SeeInvis .   y - +2 dagger (venom)
rCold   . . .      Faith    .   (no shield)
rNeg    + . .      Spirit   .   r - +1 ring mail "Zoumesch" {-Tele rElec rN+ Str+2}
rPois   +          Reflect  .   (helmet restricted)
rElec   +          Harm     .   c - +0 cloak
rCorr   .          Rampage  .   k - +0 pair of gloves
Will    .....      NoTele   +   q - +1 pair of boots {Stlth+}
Stlth   +++.......              i - amulet of regeneration
HPRegen 1.01/turn               u - ring of poison resistance
MPRegen 0.10/turn               C - +6 ring of intelligence

@: corroded
A: horns 2, retaliatory headbutt
a: Renounce Religion, Sacrifice Words, Sacrifice Experience, Sacrifice Love,
Reject Sacrifices


You were on level 6 of the Dungeon.
You worshipped Ru.
Ru was noncommittal.
You visited 1 branch of the dungeon, and saw 6 of its levels.

You collected 293 gold pieces.

Inventory:

Hand Weapons
 y - a +2 dagger of venom (weapon)
Missiles
 e - a curare-tipped dart (quivered)
 j - 7 poisoned darts
Armour
 b - a +0 robe
 c - a +0 cloak (worn)
 k - a +0 pair of gloves (worn)
 p - a scarf of harm
 q - a +1 pair of boots of stealth (worn)
 r - the +1 ring mail "Zoumesch" (worn) {-Tele rElec rN+ Str+2}
   (You found it on level 2 of the Dungeon)

   Str:       It affects your strength (+2).
   rElec:     It insulates you from electricity.
   rN:        It protects you from negative energy.
   -Tele:     It prevents most forms of teleportation.
Jewellery
 i - an amulet of regeneration (around neck)
 u - a ring of poison resistance (left hand)
 C - a +6 ring of intelligence (right hand)
Wands
 a - a wand of polymorph (10)
 w - a wand of paralysis (3)
Scrolls
 d - a scroll of fear {unknown}
 h - 3 scrolls of vulnerability
 m - 2 scrolls of teleportation
 n - 2 scrolls of poison
 o - 2 scrolls of immolation {unknown}
 s - 2 scrolls of torment {unknown}
 v - a scroll of fog {unknown}
 A - a scroll of blinking {unknown}
 D - a scroll of enchant armour {unknown}
 E - a scroll of magic mapping {unknown}
Potions
 f - 2 potions of brilliance
 g - 4 potions of curing
 l - 2 potions of mutation
 t - a potion of flight {unknown}
 x - a potion of magic {unknown}
 z - 2 potions of heal wounds
 B - a potion of degeneration {unknown}
 F - a potion of invisibility {unknown}


   Skills:
 + Level 4.1 Fighting
 + Level 5.3 Short Blades
 + Level 5.4 Throwing
 + Level 3.6 Armour
 + Level 3.2 Dodging
 + Level 5.5 Stealth
 + Level 1.2 Unarmed Combat


You had 7 spell levels left.
You didn't know any spells.
Your spell library contained the following spells:

 Spells                   Type           Power      Damage    Failure   Level
 Slow                     Hex            0%         N/A       43%         1
 Sublimation of Blood     Necr           0%         N/A       58%         2
 Confusing Touch          Hex            0%         N/A       82%         3
 Ignite Poison            Fire/Tmut/Pois 0%         N/A       82%         3
 Mephitic Cloud           Conj/Pois/Air  0%         N/A       82%         3
 Vampiric Draining        Necr           0%         2d6       82%         3
 Freezing Cloud           Conj/Ice/Air   0%         6-21      100%        5


Dungeon Overview and Level Annotations

Branches:
Dungeon (6/15)
 Temple: D:4-7

Altars:
Ashenzari
Ru
Sif Muna
Trog
Xom
The Shining One


Innate Abilities, Weirdness & Mutations

You have a pair of horns on your head.
You reflexively headbutt those who attack you in melee.


Message History

You open the door.
Found a stone staircase leading up.
There is an open door here.
A white imp comes into view.
You see here 14 gold pieces.
A white imp is nearby!
You now have 293 gold pieces (gained 14).
You hit the white imp. Your headbutt misses the white imp.
The white imp is lightly wounded.
The white imp gestures at you. The puff of frost hits you.
You barely miss the white imp. You headbutt the white imp!
The white imp is almost dead.
The white imp barely misses you.
You hit the white imp.
The white imp is almost dead.
You hit the white imp but do no damage.
The white imp is almost dead.
The white imp hits you but does no damage.
You hit the white imp.
You kill the white imp!
There is an open door here.
Ru believes you are ready to make a new sacrifice.
An acid dragon comes into view.
Found a glowing hand axe.
The acid dragon roars!
The acid dragon spits acid at you. The splash of acid hits you!!
The acid corrodes you!
A scorpion comes into view.
You throw a curare-tipped dart.
The curare-tipped dart hits the acid dragon.
You throw a curare-tipped dart.
The curare-tipped dart hits the acid dragon.
The acid dragon spits acid at you. The splash of acid hits you!!
* * * LOW HITPOINT WARNING * * *
You are too injured to fight recklessly!
The acid dragon spits acid at you. The splash of acid hits you!!
You die...

..........#...##......)..
..#####.[.#+#.##.(.......
.. #........##.s....#
#........##.D..#
#.........#....#
#.........#....#
#.........#....#
#.........#....+
#.........#@...#
#....#'##.#....#
................#
................#
................#
...........#....#
...........#....#
...........#....#
..................


You could see an acid dragon (catching breath) and a scorpion.

Vanquished Creatures
  Grinder (D:3)
  Duvessa (D:4)
  2 ice beasts
  An ogre (D:5)
  A phantom (D:4)
  2 bullfrogs
  Dowan (D:4)
  2 howler monkeys
  A jelly (D:5)
  2 hounds
  Ijyb (D:4)
  An iguana (D:5)
  Robin (D:2)
  6 gnolls
  4 adders
  4 white imps
  4 worms
  An orc (D:5)
  11 ball pythons
  9 bats
  An endoplasm (D:4)
  4 giant cockroaches
  11 goblins
  12 hobgoblins
  11 jackals
  4 quokkas
  2 frilled lizards (D:1)
  2 kobolds (D:3)
  5 rats
108 creatures vanquished.

Notes
Turn   | Place    | Note
-------+----------+-------------------------------------------
     0 | D:1      | xian the Minotaur Brigand began the quest for the Orb.
     0 | D:1      | Reached XP level 1. HP: 18/18 MP: 0/0
   146 | D:1      | Reached XP level 2. HP: 25/25 MP: 1/1
   647 | D:2      | Reached XP level 3. HP: 30/30 MP: 2/2
   682 | D:2      | Noticed Robin
   703 | D:2      | Killed Robin
   860 | D:2      | Reached XP level 4. HP: 36/37 MP: 3/3
  1077 | D:2      | Found a faded altar of an unknown god.
  1211 | D:2      | Identified the +1 ring mail "Zoumesch" {-Tele rElec rN+
                  | Str+2}
  1424 | D:3      | Noticed Grinder
  1439 | D:3      | Paralysed by Grinder for 4 turns
  1467 | D:3      | Killed Grinder
  1468 | D:3      | Reached XP level 5. HP: 34/45 MP: 4/4
  1468 | D:3      | Reached XP level 6. HP: 38/51 MP: 5/5
  1729 | D:3      | Found a shimmering altar of Xom.
  2251 | D:4      | Noticed Duvessa
  2272 | D:4      | Killed Duvessa
  2273 | D:4      | Reached skill level 1 in Armour
  2273 | D:4      | Reached skill level 5 in Stealth
  2273 | D:4      | Found a bloodstained altar of Trog.
  2290 | D:4      | Noticed Dowan
  2328 | D:4      | Killed Dowan
  2329 | D:4      | Found a shimmering blue altar of Sif Muna.
  2342 | D:4      | Got Sif Muna's Incunabulum of Black Magic
  2370 | D:4      | Noticed Ijyb
  2382 | D:4      | Reached XP level 7. HP: 32/57 MP: 6/6
  2423 | D:4      | Killed Ijyb
  2429 | D:4      | Found a sacrificial altar of Ru.
  2444 | D:4      | Became a worshipper of Ru the Awakened
  2500 | D:4      | Reached skill level 5 in Short Blades
  2673 | D:4      | Found a glowing golden altar of the Shining One.
  3154 | D:5      | Entered Level 5 of the Dungeon
  3215 | D:5      | Reached skill level 1 in Unarmed Combat
  3485 | D:5      | Reached XP level 8. HP: 54/66 MP: 7/7
  3572 | D:5      | Reached skill level 5 in Throwing
  3779 | D:6      | Found a broken altar of Ashenzari.
  3869 | D:6      | Killed from afar by an acid dragon

Illustrated notes

Levels and vault maps discovered:
D:1:      mrwooster_arrival_statue, layout_loops_ring, corexii_hall_statues_l
D:2:      layout_loops_ring, hellmonk_ecumenical_altar_dog_temple, uniq_robin
D:3:      layout_loops_ring, mainiacjoe_overflow_tiny_flanked,
          cheibrodos_sewer_entry_bend, uniq_grinder
D:4:      layout_loops_cross, nzn_overflow_gifts_of_might_and_magic,
          overflow_temple_1_default, mainiacjoe_overflow_concentric_impassable,
          uniq_ijyb
D:5:      layout_basic
D:6:      layout_basic, mainiacjoe_overflow_cross_hatched,
          gammafunk_temple_overflow_forgotten, temple_statues,
          serial_corexii_hall, corexii_hall_statues_l, corexii_hall_statues_i,
          chequers_serial_rivers_micro_a, uniq_menkaure

Skill      XL: |  1  2  3  4  5  6  7  8 |
---------------+-------------------------+-----
Stealth        | 4 5 |  5.5
Short Blades   | 3 4 5 |  5.3
Fighting       | 3 4 |  4.1
Dodging        | 2 3 |  3.2
Throwing       | 3 4 5 |  5.4
Armour         | 1 3 |  3.6
Unarmed Combat | 1 |  1.2

Action                   |  1- 3 |  4- 6 |  7- 9 || total
-------------------------+-------+-------+-------++-------
Melee: Dagger            |    83 |   110 |   130 ||   323
       Headbutt          |    15 |    16 |    32 ||    63
       Punch             |     1 |     1 |     2 ||     4
       Unarmed           |       |     5 |    34 ||    39
Throw: Dart              |     1 |    39 |    53 ||    93
  Use: Potion            |       |     1 |       ||     1
       Scroll            |       |     1 |     6 ||     7
 Stab: Sleeping          |     6 |     6 |     3 ||    15
Armor: Robe              |    23 |     3 |       ||    26
       Ring mail         |       |    29 |    43 ||    72
Dodge: Dodged            |    42 |    42 |    64 ||   148

Table legend: (Time is in decaauts)
 A = Elapsed time spent in this place.
 B = Non-inter-level travel time spent in this place.
 C = Inter-level travel time spent in this place.
 D = Time resting spent in this place.
 E = Time spent auto-exploring this place.
 F = Levels seen in this place.
 G = Mean time per level.
                   A        B        C        D        E       F      G
               +--------+--------+--------+--------+--------+-----+--------+
         Total |   3788 |   3668 |    120 |      0 |   2277 |   6 |  631.3 |
       Dungeon |   3788 |   3668 |    120 |      0 |   2277 |   6 |  631.3 |
               +--------+--------+--------+--------+--------+-----+--------+

Top non-repeatable levels by time:
     D:4: 880 daAuts
     D:3: 847 daAuts
     D:2: 750 daAuts
     D:1: 624 daAuts
     D:5: 605 daAuts
     D:6: 80 daAuts
